 Dungeon Crawl Stone Soup version 0.18.1-50-g88ac8fd (webtiles) character file.

128682 Amnesiac the Grand Gadgeteer (level 17, -6/84 HPs)
             Began as a Vine Stalker Artificer on June 15, 2018.
             Was the Champion of Pakellas.
             Mangled by an Executioner (8 damage)
             ... created by the effects of Hell
             ... on level 4 of the Iron City of Dis.
             The game lasted 01:39:38 (19798 turns).

Amnesiac the Grand Gadgeteer (VSAr)                Turns: 19798, Time: 01:39:39

Health: -6/84      AC: 27    Str: 15 (17) XL:     17   Next: 4%
Magic:  0/30       EV:  9    Int: 16      God:    Pakellas [******]
Gold:   1508       SH:  7    Dex: 18 (19) Spells: 2 memorised, 14 levels left

rFire  + . .     SeeInvis +     a - +5 falchion "Wekateh" {elec, rElec Dex+2 Stlth-}
rCold  + . .     Gourm    .     y - +3 crystal plate armour
rNeg   . . .     Faith    +     U - +2 buckler {AC+3}
rPois  .         Spirit   +     (no helmet)
rElec  +         Dismiss  .     F - +0 cloak
rCorr  .         Reflect  .     i - +0 pair of gloves
SustAt .         Harm     .     K - +0 pair of boots
MR     ++...     Clarity  +     l - amulet of faith
Stlth  ..........               z - ring of Piplakh {rF+ Dex+2 SInv}
                                D - +3 ring of evasion

@: about to teleport, corroded, very slightly contaminated, hasted, drained,
very quick, very resistant to hostile enchantments, extremely unstealthy
A: fangs 3, berserk 3, blurry vision 1, clarity, clever 2, clumsy 1, cold
resistance 1, deterioration 1, regeneration 3, weak 1, magic shield, antimagic
bite, no device heal 3, rot immunity
a: Quick Charge, Device Surge, Renounce Religion


You were on level 4 of the Iron City of Dis.
You worshipped Pakellas.
Pakellas was exalted by your worship.
You were not hungry.

You visited 4 branches of the dungeon, and saw 22 of its levels.
You also visited: Bailey.

You collected 1508 gold pieces.

Inventory:

Hand Weapons
 a - the +5 falchion "Wekateh" (weapon) {elec, rElec Dex+2 Stlth-}
   (You found it in a bailey)

   Occasionally, upon striking a foe, it will discharge some electrical energy
   and cause terrible harm.
   It affects your dexterity (+2).
   It insulates you from electricity.
   It makes you less stealthy.
Armour
 i - a +0 pair of gloves (worn)
 y - a +3 crystal plate armour (worn)
 F - a +0 cloak (worn)
 K - a +0 pair of boots (worn)
 U - a +2 buckler of protection (worn)
Rods
 b - a +9 rod of inaccuracy (15/15)
   (You acquired it on level 7 of the Dungeon)
 e - a +7 lightning rod (10/10)
   (You acquired it on level 7 of the Dungeon)
 q - a +7 rod of inaccuracy (13/13)
   (You acquired it on level 7 of the Dungeon)
 w - a +10 rod of shadows (18/18)
   (Pakellas gifted it to you in a bailey)
Jewellery
 l - an amulet of faith (around neck)
 m - an uncursed ring of protection from magic
 z - the ring of Piplakh (right hand) {rF+ Dex+2 SInv}
   (You took it off Azrael on level 13 of the Dungeon)

   [ring of dexterity]

   It affects your dexterity (+2).
   It protects you from fire.
   It lets you see invisible.
 D - a +3 ring of evasion (left hand)
 I - an uncursed ring of sustain attributes
 S - a +3 ring of evasion
Wands
 c - a wand of flame (37/48)
 d - a wand of enslavement (15/24)
 g - a wand of paralysis (11/24)
 u - a wand of hasting (4/9)
 P - a wand of random effects (44/48)
 W - a wand of lightning (12/15)
Scrolls
 n - a scroll of blinking {!r}
 r - 2 scrolls of fog {!r}
 s - 4 scrolls of noise {!r}
 A - 3 scrolls of enchant weapon {!r}
 H - a scroll of identify {!r}
 L - 3 scrolls of teleportation {!r}
 M - a scroll of amnesia {!r}
 O - 7 scrolls of remove curse {!r}
 Q - a scroll of magic mapping {!r}
Potions
 h - a potion of might {!q}
 j - 3 potions of brilliance {!q}
 t - 11 potions of curing {!q}
 v - a potion of cancellation {!q}
 x - 3 potions of flight {!q}
 J - a potion of berserk rage {!q}
 R - a potion of agility {!q}
Books
 C - a book of Transfigurations

   Spells                             Type                      Level
   a - Irradiate                      Conjuration/Transmutation    5
   b - Statue Form                    Transmutation/Earth          6
   c - Hydra Form                     Transmutation                6
   d - Dragon Form                    Transmutation                7
Miscellaneous
 o - the horn of Geryon
 E - a sack of spiders {used: 2}
 N - a fan of gales
 T - a phial of floods
 V - a phantom mirror
Comestibles
 f - 8 bread rations


   Skills:
 - Level 7.4(6.9) Fighting
   Level 2.1(1.6) Short Blades
 - Level 11.7(11.1) Armour
 - Level 12.3(11.7) Dodging
 - Level 2.0(1.5) Stealth
 - Level 4.5(4.0) Shields
 + Level 17.9(17.2) Evocations


You had 14 spell levels left.
You knew the following spells:

 Your Spells              Type           Power        Failure   Level  Hunger
a - Apportation           Tloc           #.........   100%        1    ##.....
b - Summon Butterflies    Summ           #.......     100%        1    ##.....


Dungeon Overview and Level Annotations

Branches:
Dungeon (15/15)            Temple (0/1) D:7            Lair (0/8) D:10
    Orc (0/2) D:11         Vaults (0/5) D:13         Depths (2/5) D:15
   Hell (1/1)                 Dis (4/7) Hell            Geh (0/7) Hell
    Coc (0/7) Hell            Tar (0/7) Hell

Altars:
Ashenzari
Cheibriados
Dithmenos
Elyvilon
Fedhas
Kikubaaqudgha
Makhleb
Pakellas
Qazlal
Ru
Xom

Shops:
D:6 }   D:8 =   Depths:1 }

Portals:
Hell: Depths:1
Abyss: Depths:1


Innate Abilities, Weirdness & Mutations

You have razor-sharp teeth.
You regenerate.
When hurt, damage is shared between your health and your magic reserves.
Your bite disrupts and absorbs the magic of your enemies.
Potions and wands cannot restore your health.
You are immune to rotting.
You have an uncontrollable temper.
Scrolls take you a little longer to read.
You possess an exceptional clarity of mind.
Your mind is very acute. (Int +4)
You are clumsy. (Dex -2)
Your flesh is cold resistant.
Your body sometimes deteriorates upon taking damage.
You are weak. (Str -2)


Message History

You open the door.
A phantasmal warrior comes into view.
There is an open door here.
Evoke which item? (* to show all) (? for menu, Esc to quit)
Zapping:
u - a wand of hasting (5/9)
Press: ? - help, Shift-Dir - straight line, f - you You feel yourself speed up.
This wand has 4 charges left.
The phantasmal warrior blinks!
Read which item? (? for menu, Esc to quit)
Really read
n - a scroll of blinking {!r}?
Really read with blurry vision while enemies are nearby? [Y]es or [N]o only, please.
Really read with blurry vision while enemies are nearby?
Okay, then.
Drink which item? (? for menu, Esc to quit)
Really quaff
B - a potion of magic {!q}?
Magic courses through your body. The Tzitzimitl gestures at you.
The bolt of negative energy hits the frost giant zombie.
The frost giant zombie completely resists.
The bolt of negative energy hits you!
You feel drained.
* * * LOW HITPOINT WARNING * * *
Something frightening happens.
An Executioner comes into view.
The phantasmal warrior hits you!
* * * LOW HITPOINT WARNING * * *
You open the door.
A rust devil comes into view.
The rust devil screeches!
Something shouts, "Flee, thou dankish ruttish harpy!"
An iron imp comes into view.
The iron imp shouts, "Decamp, thou jarring idle-headed mammet!"
The Executioner gestures.
The Executioner seems to speed up.
The rust devil hits you.
* * * LOW HITPOINT WARNING * * *
The rust devil corrodes you!
There is an open door here.
Read which item? (? for menu, Esc to quit)
Really read
L - 4 scrolls of teleportation {!r}?
Really read with blurry vision while enemies are nearby?
The Executioner hits you but does no damage.
The Executioner closely misses you. The Executioner hits you.
* * * LOW HITPOINT WARNING * * *
You begin reading the scroll.
You continue reading the scroll.
The Executioner hits you.
* * * LOW HITPOINT WARNING * * *
The Executioner barely misses you.
The Executioner hits you but does no damage.
As you read the scroll of teleportation {!r}, it crumbles to dust.
You feel strangely unstable.
Unknown command.
Unknown command.
Unknown command.
The Executioner hits you.
* * * LOW HITPOINT WARNING * * *
The Executioner hits you. The Executioner misses you. The Executioner hits you.
* * * LOW HITPOINT WARNING * * *
The Executioner hits you.
* * * LOW HITPOINT WARNING * * *
The Executioner hits you but does no damage.
The Executioner hits you!
You die...
Pakellas says: Good help is so hard to find these days!

###..2..#..###....
#..####### #....
#WZ# ###.. ###'###
#.1 #.4...# ##'
#.....# #.2
#.....# +..
#15...# ####..
#@....# #.....
#.....+ ##.....
......# #......
.......... +......
#..........
#......
#####......
##..... ......
#..... ..####
#..... #.....


You could see an Executioner, a phantasmal warrior, a rust devil, an iron imp
and a frost giant zombie.

Vanquished Creatures
  Geryon (Hell)
  An iron giant (Depths:1)
  An Ice Fiend (Hell)
  A tentacled monstrosity (Hell)
  Murray (Depths:1)
  A tengu reaver (Depths:2)
  Kirke (D:13)
  2 frost giants (Depths:1)
  2 balrugs
  4 very ugly things (Depths:1)
  A war gargoyle (Hell)
  3 reapers
  6 stone giants
  A salamander stormcaller (Hell)
  Azrael (D:13)
  A fire dragon (Depths:1)
  A kraken zombie (Hell)
  3 yaktaur captains
  An ettin (Depths:2)
  3 rakshasas
  An entropy weaver (Depths:1)
  3 hydras
  2 great orbs of eyes (Depths:1)
  3 ice dragons
  5 centaur warriors
  An ogre mage (Depths:1)
  2 deep troll shamans (Depths:1)
  2 deep troll earth magi (Depths:1)
  7 tengu warriors
  5 hell knights
  9 hell hogs
  5 sun demons
  Sonja (D:14)
  3 iron trolls
  2 soul eaters (Hell)
  A shadow wraith (Hell)
  A skeletal warrior (Depths:1)
  2 giant orange brains (Depths:1)
  An anaconda zombie (Hell)
  A golden dragon zombie (Hell)
  2 unseen horrors
  A deep troll (Depths:1)
  A phantasmal warrior (D:12)
  3 wolf spider zombies
  2 necromancers (Hell)
  An orc knight (Bailey)
  2 hill giants
  A deep elf mage (D:12)
  7 ugly things
  A frost giant zombie (Hell)
  A wizard (D:14)
  A fire giant zombie (Hell)
  2 cyclopes
  A manticore (D:13)
  A sixfirhy (Depths:1)
  A centaur zombie (D:15)
  A guardian serpent (shapeshifter) (Depths:1)
  2 ice statues (Hell)
  2 smoke demons (Hell)
  2 orange demons
  2 gargoyles
  A hellion (Hell)
  An ice devil (Depths:1)
  A freezing wraith (Depths:1)
  7 yaktaurs
  4 kobold demonologists
  2 tengu conjurers (Depths:1)
  A ghost moth simulacrum (Hell)
  6 trolls
  5 red devils
  3 two-headed ogres
  2 jumping spiders (Depths:1)
  A hydra zombie (Hell)
  Prince Ribbit (D:7)
  A boulder beetle (D:9)
  An alligator zombie (Hell)
  8 slime creatures
  5 redbacks (Depths:1)
  2 shadows
  An ice dragon skeleton (Hell)
  19 yaks
  A vampire (D:13)
  2 wraiths
  8 fire elementals
  A redback (shapeshifter) (Depths:1)
  2 wyverns (D:9)
  4 water elementals
  2 basilisks (D:15)
  A fire bat (shapeshifter) (D:14)
  2 hippogriffs
  3 hogs (D:14)
  3 steam dragons
  Grum (D:8)
  2 mottled dragons
  4 vampire mosquitoes
  A merfolk zombie (Dis:2)
  A swamp worm (shapeshifter) (D:13)
  Duvessa (D:6)
  2 spiny frog zombies (Hell)
  7 hell hounds
  A water moccasin (D:5)
  4 sky beasts
  A wasp (D:9)
  5 ice beasts
  13 orc warriors
  A black bear (D:8)
  3 necrophages
  3 eyes of draining
  3 phantoms
  14 centaurs
  13 ogres
  3 wolves (D:8)
  A crocodile (D:12)
  5 big kobolds
  11 giant frogs
  A gnoll sergeant (D:7)
  A spiny frog simulacrum (Hell)
  4 scorpions
  20 killer bees
  8 wights
  2 howler monkeys
  5 electric eels (Bailey)
  9 crimson imps
  4 centaur skeletons
  3 giant frog zombies
  10 hounds
  3 giant frog skeletons
  5 jellies
  Crazy Yiuf (D:4)
  6 orc priests
  8 orc wizards
  An iron imp (Dis:2)
  2 iguanas
  4 hell rats (Depths:1)
  13 worker ants
  4 sheep (D:9)
  2 hound zombies
  A mummy (Dis:2)
  2 worker ant zombies
  12 gnolls
  23 adders
  5 shadow imps
  4 oozes
  2 adder skeletons
  An adder zombie (D:8)
  5 worms
  2 dart slugs
  2 giant geckos (D:6)
  52 orcs
  6 giant cockroaches
  16 goblins
  16 hobgoblins
  9 jackals
  14 kobolds
  6 quokkas
  3 ball pythons
  9 bats
  A giant gecko zombie (D:7)
  2 giant newts
  A jackal skeleton (D:4)
  A kobold zombie (Hell)
  8 rats
  A tentacle (Hell)
651 creatures vanquished.

Vanquished Creatures (collateral kills)
  A shadow dragon (Depths:1)
  A cacodemon (Depths:1)
  2 fire giants (Depths:1)
  2 blizzard demons (Hell)
  The ghost of Amnesiac the Grand Gadgeteer, a journeyman VSAr of Pakellas (Depths:1)
  An ettin (Depths:1)
  A great orb of eyes (Depths:1)
  2 hydras
  2 hell hogs (Hell)
  A spriggan berserker (Depths:1)
  4 soul eaters
  2 skeletal warriors (Hell)
  A deep troll (Depths:1)
  A shadow dragon zombie (Hell)
  An orange demon (Hell)
  2 hellions
  2 yaktaurs (Depths:1)
  A demonic crawler (Hell)
  A red devil (Depths:1)
  A two-headed ogre (D:13)
  2 redbacks (Depths:1)
  A fire elemental (Depths:1)
  2 hell hounds (Hell)
  A porcupine (shapeshifter) (Depths:1)
  An ogre (D:11)
  A manticore skeleton (Hell)
  3 boggarts (Depths:1)
  An orc wizard (D:6)
  A gnoll (Bailey)
  A white imp (Hell)
  3 orcs (Bailey)
  2 goblins (Bailey)
  A fire vortex (Hell)
50 creatures vanquished.

Vanquished Creatures (others)
  A yaktaur captain (Depths:1)
  A centaur warrior (D:15)
  A sun demon (Hell)
  A shadow wraith (Hell)
  A deep troll (Depths:1)
  An unseen horror (D:13)
  2 necromancers (Hell)
  An ugly thing (Depths:1)
  A centaur simulacrum (D:13)
  2 redbacks (Depths:1)
  2 yaks (D:13)
  A redback simulacrum (D:15)
  2 orc warriors (Bailey)
  A white imp (Hell)
  2 fire vortices (Hell)
  3 tentacles (Hell)
23 creatures vanquished.

Grand Total: 724 creatures vanquished

Notes
Turn   | Place    | Note
--------------------------------------------------------------
     0 | D:1      | Amnesiac the Vine Stalker Artificer began the quest for the Orb.
     0 | D:1      | Reached XP level 1. HP: 9/9 MP: 3/3
    25 | D:1      | Reached skill level 1 in Fighting
    32 | D:1      | Reached skill level 1 in Short Blades
   107 | D:1      | Reached XP level 2. HP: 12/14 MP: 3/5
   513 | D:1      | Reached XP level 3. HP: 17/18 MP: 6/6
   631 | D:2      | Reached skill level 3 in Evocations
   650 | D:3      | Found a white marble altar of Elyvilon.
   679 | D:3      | Noticed an ogre
   690 | D:3      | Killed an ogre
   690 | D:3      | Reached XP level 4. HP: 14/23 MP: 3/7
   690 | D:3      | Reached XP level 5. HP: 15/26 MP: 3/8
   802 | D:4      | Found a shimmering altar of Xom.
   808 | D:4      | Reached skill level 4 in Evocations
  1084 | D:4      | Noticed Crazy Yiuf
  1346 | D:4      | Gained mutation: You heal very quickly. [Vine Stalker growth]
  1346 | D:4      | Reached XP level 6. HP: 28/30 MP: 10/10
  1485 | D:4      | Reached skill level 5 in Evocations
  1941 | D:5      | Entered Level 5 of the Dungeon
  1942 | D:5      | Noticed a phantom
  1959 | D:4      | Reached skill level 6 in Evocations
  1959 | D:4      | Reached XP level 7. HP: 31/35 MP: 12/12
  2023 | D:5      | Found a blossoming altar of Fedhas.
  2123 | D:5      | Found a sacrificial altar of Ru.
  2123 | D:5      | Found an oddly glowing altar of Pakellas.
  2125 | D:5      | Found a snail-covered altar of Cheibriados.
  2133 | D:5      | Became a worshipper of Pakellas the Inventive
  2268 | D:2      | Found a stormy altar of Qazlal.
  2458 | D:2      | Reached skill level 1 in Armour
  2543 | D:2      | Reached * piety under Pakellas
  2543 | D:2      | Received a gift from Pakellas
  3029 | D:3      | Reached ** piety under Pakellas
  3029 | D:3      | Received a gift from Pakellas
  3113 | D:3      | Reached skill level 7 in Evocations
  3185 | D:3      | Found a faded altar to an unknown god.
  3403 | D:4      | Killed Crazy Yiuf
  3520 | D:5      | Gained mutation: You have razor-sharp teeth. [Vine Stalker growth]
  3520 | D:5      | Reached XP level 8. HP: 38/39 MP: 14/14
  3628 | D:5      | Found an ancient bone altar of Kikubaaqudgha.
  4262 | D:6      | Found an oddly glowing altar of Pakellas.
  4262 | D:6      | Found Pakellas's Prime Provisions.
  4334 | D:6      | Reached skill level 8 in Evocations
  4430 | D:6      | Noticed Dowan
  4431 | D:6      | Noticed Duvessa
  4446 | D:6      | Noticed Dowan
  4446 | D:6      | Dowan changed into Dowan the steam dragon
  4463 | D:6      | Killed Dowan the steam dragon
  4463 | D:6      | Reached *** piety under Pakellas
  4463 | D:6      | Received a gift from Pakellas
  4504 | D:6      | Killed Duvessa
  4571 | D:6      | Reached XP level 9. HP: 32/42 MP: 10/16
  4826 | D:6      | Reached skill level 5 in Armour
  5089 | D:6      | Reached **** piety under Pakellas
  5089 | D:6      | Received a gift from Pakellas
  5108 | D:6      | Noticed an eight-headed hydra
  5133 | D:6      | Killed an eight-headed hydra
  5133 | D:6      | Reached skill level 5 in Dodging
  5199 | D:6      | Got a twisted leather armour
  5212 | D:6      | Identified the +1 leather armour "Vyasaf" {*Contam MR- rCorr Slay+5} (You found it on level 6 of the Dungeon)
  5252 | D:6      | Gained mutation: You are occasionally teleported next to monsters. [mutagenic glow]
  5493 | D:7      | Found a flagged portal.
  5501 | Bailey   | Entered a bailey
  5542 | Bailey   | Reached XP level 10. HP: 35/50 MP: 11/17
  5571 | Bailey   | Noticed a kobold demonologist
  5574 | Bailey   | Noticed a kobold demonologist
  5578 | Bailey   | Killed a kobold demonologist
  5588 | Bailey   | Killed a kobold demonologist
  5680 | Bailey   | Found an iron altar of Okawaru.
  5761 | Bailey   | Got a crude falchion
  5762 | Bailey   | Identified the +5 falchion "Wekateh" {elec, rElec Dex+2 Stlth-} (You found it in a bailey)
  5846 | Bailey   | Reached skill level 1 in Shields
  5890 | Bailey   | Noticed an orc knight
  5911 | Bailey   | Killed an orc knight
  5911 | Bailey   | Reached ***** piety under Pakellas
  5911 | Bailey   | Received a gift from Pakellas
  6426 | D:7      | Reached skill level 9 in Evocations
  6427 | D:7      | Noticed Prince Ribbit
  6492 | D:7      | Killed Prince Ribbit
  6631 | D:7      | Reached skill level 5 in Fighting
  6645 | D:7      | Found a staircase to the Ecumenical Temple.
  6648 | D:7      | Gained mutation: You are resistant to hostile enchantments. [mutagenic meat]
  6650 | D:7      | Gained mutation: You are clumsy. (Dex -2) [mutagenic meat]
  6651 | D:7      | Gained mutation: You are weak. (Str -2) [mutagenic meat]
  6652 | D:7      | Gained mutation: Your mind is acute. (Int +2) [mutagenic meat]
  6653 | D:7      | Gained mutation: Your mind is very acute. (Int +4) [mutagenic meat]
  7140 | D:8      | Found Quijumn's Jewellery Shoppe.
  7140 | D:8      | Noticed Grum
  7165 | D:8      | Reached XP level 11. HP: 39/55 MP: 13/19
  7175 | D:8      | Killed Grum
  7366 | D:8      | Gained mutation: You tend to lose your temper in combat. [mutagenic meat]
  7786 | D:9      | Found a shadowy altar of Dithmenos.
  7874 | D:9      | Reached skill level 10 in Evocations
  7911 | D:9      | Noticed a cyclops
  7923 | D:9      | Reached ****** piety under Pakellas
  7927 | D:9      | Killed a cyclops
  8045 | D:9      | Found a burning altar of Makhleb.
  8197 | D:9      | Found a blossoming altar of Fedhas.
  8477 | D:10     | Entered Level 10 of the Dungeon
  8568 | D:10     | Killed an unseen horror
  8601 | D:10     | Found a staircase to the Lair.
  9114 | D:10     | Identified a +10 rod of shadows (18/18) {god gift} (supercharged by Pakellas)
  9283 | D:11     | Gained mutation: You regenerate. [Vine Stalker growth]
  9283 | D:11     | Reached XP level 12. HP: 62/62 MP: 21/21
  9466 | D:11     | Noticed a seven-headed hydra
  9474 | D:11     | Killed a seven-headed hydra
  9474 | D:11     | Reached skill level 11 in Evocations
  9813 | D:11     | Found a staircase to the Orcish Mines.
 10365 | D:12     | Identified a +7 rod of inaccuracy (14/14) (You acquired it on level 7 of the Dungeon)
 10366 | D:12     | Identified a +7 rod of inaccuracy (13/13) (You acquired it on level 7 of the Dungeon)
 10368 | D:12     | Identified a +10 rod of shadows (18/18) (Pakellas gifted it to you in a bailey)
 10569 | D:12     | Gained mutation: You possess an exceptional clarity of mind. [mutagenic meat]
 11036 | D:13     | Noticed a tengu warrior
 11055 | D:12     | Killed a tengu warrior
 11177 | D:13     | Noticed an eight-headed hydra
 11251 | D:13     | Killed an eight-headed hydra
 11319 | D:13     | Learned a level 1 spell: Apportation
 11321 | D:13     | Learned a level 1 spell: Summon Butterflies
 11334 | D:13     | Noticed Azrael
 11342 | D:13     | HP: 1/63 [Azrael/damnation (44)]
 11531 | D:12     | Reached XP level 13. HP: 52/67 MP: 14/22
 11553 | D:13     | Killed Azrael
 11804 | D:13     | Got a translucent brass ring
 11945 | D:13     | Reached skill level 10 in Armour
 12056 | D:13     | Found a gate to the Vaults.
 12193 | D:13     | Identified the ring of Piplakh {rF+ Dex+2 SInv} (You took it off Azrael on level 13 of the Dungeon)
 12391 | D:13     | Lost mutation: You are clumsy. (Dex -2) [mutagenic meat]
 12392 | D:13     | Gained mutation: Scrolls take you a little longer to read. [mutagenic meat]
 12602 | D:14     | Lost mutation: You are occasionally teleported next to monsters. [potion of mutation]
 12602 | D:14     | Gained mutation: Your flesh is heat resistant. [potion of mutation]
 12632 | D:14     | Noticed Kirke
 12642 | D:14     | Reached skill level 12 in Evocations
 12669 | D:13     | Killed Kirke
 12778 | D:14     | Noticed Sonja
 12796 | D:14     | Killed Sonja
 12956 | D:14     | You fall through a shaft!
 12956 | D:15     | Entered Level 15 of the Dungeon
 12984 | D:15     | Found a shattered altar of Ashenzari.
 13041 | D:15     | Found a snail-covered altar of Cheibriados.
 13049 | D:15     | Got a crude quarterstaff
 13189 | D:15     | Identified the +1 quarterstaff of the Hidden Beggars {elec, Str-3 Dex+4} (You found it on level 15 of the Dungeon)
 13427 | D:15     | Found a staircase to the Depths.
 13427 | D:15     | Noticed a yaktaur captain
 13438 | D:15     | Killed a yaktaur captain
 13576 | Depths:1 | Entered Level 1 of the Depths
 13607 | Depths:1 | Noticed a rakshasa
 13621 | Depths:1 | Killed a rakshasa
 13668 | Depths:1 | Noticed a fire giant
 13699 | Depths:1 | Killed a fire giant
 13699 | Depths:1 | Reached XP level 14. HP: 15/72 MP: 15/24
 13754 | Depths:1 | Noticed Amnesiac's ghost (journeyman VSAr)
 13765 | Depths:1 | Killed Amnesiac's ghost
 13866 | Depths:1 | Gained mutation: Your flesh is cold resistant. [mutagenic meat]
 13867 | Depths:1 | Gained mutation: Your body sometimes deteriorates upon taking damage. [mutagenic meat]
 13868 | Depths:1 | Lost mutation: Your flesh is heat resistant. [mutagenic meat]
 14011 | Depths:1 | Noticed a stone giant
 14050 | Depths:1 | Noticed a stone giant
 14058 | Depths:1 | Killed a stone giant
 14079 | Depths:1 | Killed a stone giant
 14166 | Depths:1 | Reached skill level 10 in Dodging
 14407 | Depths:1 | Noticed a stone giant
 14410 | Depths:1 | Noticed a frost giant
 14421 | Depths:1 | Killed a stone giant
 14421 | Depths:1 | Killed a frost giant
 14601 | Depths:1 | Found a one-way gate to the infinite horrors of the Abyss.
 14708 | Depths:1 | Noticed a green very ugly thing
 14708 | Depths:1 | Noticed a green very ugly thing
 14751 | Depths:1 | Killed a green very ugly thing
 14766 | Depths:1 | Killed a cyan very ugly thing
 14778 | Depths:1 | Noticed a stone giant
 14801 | Depths:1 | Killed a stone giant
 14833 | Depths:1 | Found Mifevie's Quality Used Wands.
 14871 | Depths:1 | Found a gateway to Hell.
 15161 | Depths:1 | Paralysed by a great orb of eyes for 7 turns
 15170 | Depths:1 | Paralysed by a great orb of eyes for 5 turns
 15190 | Depths:1 | Noticed a white very ugly thing
 15219 | Depths:1 | Killed a white very ugly thing
 15220 | Depths:1 | Noticed a green very ugly thing
 15236 | Depths:1 | Reached XP level 15. HP: 75/75 MP: 25/25
 15303 | Depths:1 | Gained mutation: You often lose your temper in combat. [mutagenic meat]
 15308 | Depths:1 | Lost mutation: You are resistant to hostile enchantments. [mutagenic meat]
 15418 | Depths:1 | Reached skill level 13 in Evocations
 15434 | Depths:1 | Noticed an iron giant
 15446 | Depths:1 | Killed an iron giant
 15614 | Hell     | Entered the Vestibule of Hell
 15614 | Hell     | Noticed a balrug
 15616 | Hell     | Noticed a balrug
 15623 | Depths:1 | Killed a balrug
 15797 | Hell     | Noticed Geryon
 16152 | Depths:1 | Reached skill level 14 in Evocations
 16301 | Hell     | Noticed a cacodemon
 16397 | Hell     | Killed Geryon
 16519 | Depths:1 | Killed a cacodemon
 16650 | Hell     | Noticed a tentacled monstrosity
 16764 | Hell     | Killed a tentacled monstrosity
 16766 | Hell     | Reached skill level 15 in Evocations
 16789 | Hell     | Noticed Murray
 17032 | Depths:1 | Killed Murray
 17032 | Depths:1 | Reached XP level 16. HP: 28/80 MP: 1/28
 17397 | Hell     | Reached skill level 16 in Evocations
 17409 | Hell     | Noticed a shadow dragon
 17744 | Depths:2 | Noticed a tengu reaver
 17775 | Depths:2 | Killed a tengu reaver
 17919 | Depths:1 | Gained mutation: You have an uncontrollable temper. [mutagenic meat]
 17920 | Depths:1 | Gained mutation: You are clumsy. (Dex -2) [mutagenic meat]
 18007 | Depths:1 | Reached skill level 17 in Evocations
 18276 | Depths:1 | Killed a shadow dragon
 18575 | Hell     | Found a gateway to the decaying netherworld of Tartarus.
 19049 | Hell     | Found a gateway to the freezing wastes of Cocytus.
 19193 | Hell     | Found a gateway to the Iron City of Dis.
 19293 | Hell     | Found a gateway to the ashen valley of Gehenna.
 19428 | Dis:1    | Entered Level 1 of the Iron City of Dis
 19428 | Dis:1    | Found a gateway to Hell.
 19429 | Dis:1    | Noticed an Ice Fiend
 19435 | Hell     | Killed an Ice Fiend
 19623 | Dis:2    | Found a gateway to Hell.
 19644 | Dis:2    | Reached XP level 17. HP: 53/84 MP: 13/30
 19688 | Dis:3    | Found a gateway to Hell.
 19701 | Dis:3    | Noticed a lich
 19711 | Dis:3    | Found a gateway to Hell.
 19757 | Dis:4    | Noticed a Tzitzimitl
 19787 | Dis:4    | Noticed an Executioner
 19797 | Dis:4    | HP: 1/84 [Executioner[the effects of Hell] (4)]
 19798 | Dis:4    | Mangled by an Executioner

Skill      XL: |  1  2  3  4  5  6  7  8  9 10 11 12 13 14 15 16 |
---------------+-------------------------------------------------+-----
Fighting       | 1 2 4 5 6 7 |  7.4
Short Blades   | 1 2 |  2.1
Evocations     | 3 4 6 7 8 9 10 11 12 15 17 | 17.9
Dodging        | 2 3 5 6 7 8 12 | 12.3
Stealth        | 2 |  2.0
Armour         | 2 4 5 6 7 8 11 | 11.7
Shields        | 4 |  4.5

Action                   |  1- 3 |  4- 6 |  7- 9 | 10-12 | 13-15 | 16-18 || total
-------------------------+-------+-------+-------+-------+-------+-------++-------
Melee: Short sword       |   108 |   135 |   296 |       |       |       ||   539
       Bite              |    21 |    42 |   188 |   325 |   286 |   107 ||   969
       Quarterstaff      |       |       |   300 |    77 |       |       ||   377
       Falchion          |       |       |       |   903 |   584 |   245 ||  1732
Invok: Quick Charge      |       |       |       |    19 |    22 |    10 ||    51
       Supercharge       |       |       |       |     1 |       |       ||     1
Evoke: Wand              |     5 |    10 |    10 |    55 |   119 |    64 ||   263
       Rod               |       |       |       |     3 |   169 |   115 ||   287
       Fan of gales      |       |       |       |     1 |     1 |       ||     2
       Sack of spiders   |       |       |       |       |     1 |     1 ||     2
       Deck              |       |       |       |       |     5 |       ||     5
       Phial of floods   |       |       |       |       |     1 |       ||     1
       Horn of Geryon    |       |       |       |       |       |     1 ||     1
  Use: Scroll            |       |       |     8 |    16 |    10 |     2 ||    36
       Potion            |       |       |     9 |     4 |     7 |     3 ||    23
 Stab: Sleeping          |     2 |     2 |       |       |       |       ||     4
       Confused          |       |       |     1 |       |       |       ||     1
       Paralysed         |       |       |       |    73 |   179 |   107 ||   359
       Distracted        |       |       |       |       |       |     1 ||     1
  Eat: Chunk             |       |     3 |    15 |    31 |    27 |     3 ||    79
       Beef jerky        |       |       |       |     3 |       |       ||     3
       Pizza             |       |       |       |     2 |       |       ||     2
       Bread ration      |       |       |       |       |     1 |       ||     1
       Meat ration       |       |       |       |       |     2 |     4 ||     6
Armor: Leather armour    |    35 |    48 |    10 |       |       |       ||    93
       Crystal plate arm |       |       |   596 |   656 |   398 |   279 ||  1929
       Plate armour      |       |       |       |   258 |    87 |       ||   345
Dodge: Dodged            |    65 |    98 |    78 |   597 |   359 |   173 ||  1370
Block: Buckler           |       |       |       |   286 |   211 |   135 ||   632
